 Dungeon Crawl Stone Soup version 0.32-a0-42-ga30500b4d3 (webtiles) character file.

Game seed: 6772658642111296536

592 Ghostmaker01 the Chopper (level 7, 0/55 HPs)
             Began as a Demonspawn Chaos Knight on Feb 1, 2024.
             Was a Plaything of Xom.
             Succumbed to a water moccasin's poison
             ... on level 5 of the Dungeon on Feb 2, 2024.
             The game lasted 00:12:39 (2889 turns).

Ghostmaker01 the Chopper (Demonspawn Chaos Knight)  Turns: 2889, Time: 00:12:40

Health: 0/55       AC:  8    Str: 14    XL:     7   Next: 16%
Magic:  19/19      EV: 11    Int: 12    God:    Xom [...*..]
Gold:   290        SH:  0    Dex: 13    Spells: 10/10 levels left

rFire   . . .        a - +0 hand axe (chaos)
rCold   . . .        (no shield)
rNeg    . . .        b - +2 leather armour
rPois   .            (no helmet)
rElec   .            (no cloak)
rCorr   .            (no gloves)
SInv    .            (no boots)
Will    .....        (no amulet)
Stlth   +            f - ring of magical power
HPRegen 0.29/turn    (no ring)
MPRegen 0.16/turn

%: no passive effects
@: lethally poisoned (0 -> -9), liquefying, slowed movement, very slow
A: claws 1, slimy green scales 2, foul stench 1, spiny 1
a: Renounce Religion


You were on level 5 of the Dungeon.
You worshipped Xom.
You were a favourite toy of Xom.
You visited 1 branch of the dungeon, and saw 4 of its levels.

You collected 290 gold pieces.

Inventory:

Hand Weapons
 a - a +0 hand axe of chaos (weapon)
Armour
 b - a +2 leather armour (worn)
Jewellery
 f - a ring of magical power (left claw)
 l - an amulet of reflection
 m - a ring of ice
Scrolls
 c - a scroll of immolation {unknown}
 d - 4 scrolls of teleportation {unknown}
 e - a scroll of revelation {unknown}
 g - a scroll of noise
 h - 2 scrolls of brand weapon {unknown}
 j - a scroll of silence {unknown}
 k - a scroll of enchant armour {unknown}
 r - a scroll of torment {unknown}
 s - a scroll of identify {unknown}
Potions
 i - 2 potions of degeneration {unknown}
 n - 2 potions of heal wounds {unknown}
 o - a potion of curing {unknown}
 p - a potion of brilliance {unknown}
 q - a potion of lignification {unknown}


   Skills:
 * Level 4.5 Fighting
 * Level 5.4 Axes
 * Level 3.0 Armour
 + Level 1.6 Dodging
 + Level 1.0 Stealth
 * Level 2.3 Spellcasting


You had 10 spell levels left.
You didn't know any spells.
Your spell library was empty.

Dungeon Overview and Level Annotations

Branches:
Dungeon (3/15)

Altars:

Shops:
D:1 ?


Innate Abilities, Weirdness & Mutations

You have sharp fingernails.
You are mostly covered in slimy green scales. (AC +3)
You may rarely emit foul miasma when damaged in melee.
You are partially covered in sharp spines.


Message History

The ogre is severely wounded.
You hit the water moccasin. The ogre barely misses you.
The water moccasin closely misses you.
You hit the ogre.
You kill the ogre!
You closely miss the water moccasin.
The water moccasin bites you but does no damage.
The water moccasin bites you.
Your Axes skill increases to level 5!
You slash the water moccasin!
The water moccasin is poisoned.
The water moccasin is heavily wounded.
The water moccasin bites you.
* * * LOW HITPOINT WARNING * * *
You are poisoned.
The water moccasin poisons you!
You hit the water moccasin.
The water moccasin becomes as fragile as glass!
The water moccasin is heavily wounded.
You feel sick.
Xom plays with reality for a moment.
The ground around you becomes liquefied!
The water moccasin bites you.
* * * LOW HITPOINT WARNING * * *
You are lethally poisoned!
The water moccasin poisons you!
The water moccasin becomes momentarily stuck in the liquid earth.
* * * LOW HITPOINT WARNING * * *
You feel very sick.
Things that are here:
a +0 giant spiked club; an ogre corpse You hit the water moccasin.
You drain the water moccasin.
You kill the water moccasin!
* * * LOW HITPOINT WARNING * * *
You feel very sick.
Your Armour skill increases to level 3!
You have reached level 7!
Your demonic ancestry asserts itself...
Sharp spines emerge from parts of your body.
You die...
Xom is highly amused!

####.......'.........'.
#........###.........#
#..........##.......#
#..###)#.#.###.....##
#.. #..#.#.# ##.§.##
#.. #.##.#.# ##§##
#..##.##.#.# #☼#
#..........# #)#
..........## #@#
###.#........ #...#
###.#####.##........
..........# ###...###
####.###### ##.##
≈≈≈≈.# #.# ≈≈≈≈.# #.#
≈≈≈≈.# #.# ####.# #.#


There were no monsters in sight!

Vanquished Creatures
  A water moccasin (D:5)
  2 ogres (D:5)
  A bombardier beetle (D:5)
  An orc priest (D:5)
  2 hounds (D:5)
  2 sleepcaps
  Natasha (D:3)
  An orc wizard (D:5)
  3 gnolls (D:5)
  An adder (D:3)
  A white imp (D:5)
  2 dart slugs (D:1)
  2 orcs (D:5)
  3 endoplasms
  A giant cockroach (D:3)
  4 goblins
  5 hobgoblins
  3 jackals (D:2)
  3 quokkas
  2 ball pythons (D:1)
  5 bats
  6 frilled lizards
  6 kobolds
  5 rats
63 creatures vanquished.

Notes
Turn   | Place    | Note
-------+----------+-------------------------------------------
     0 | D:1      | Ghostmaker01 the Demonspawn Chaos Knight began the quest
                  | for the Orb.
     0 | D:1      | Reached XP level 1. HP: 18/18 MP: 1/1
   132 | D:1      | Found Zauruas's Magic Scroll Shoppe.
   269 | D:1      | Gained mutation: You have sharp fingernails. [demonic
                  | ancestry]
   269 | D:1      | Reached XP level 2. HP: 24/24 MP: 2/2
   362 | D:1      | Reached skill level 3 in Axes
   975 | D:2      | Gained mutation: You are partially covered in slimy green
                  | scales. (AC +2) [demonic ancestry]
   975 | D:2      | Reached XP level 3. HP: 25/29 MP: 3/3
  1007 | D:2      | XOM: butterfly on damage
  1117 | D:2      | XOM: divination: detect items
  1200 | D:2      | Reached skill level 1 in Dodging
  1287 | D:2      | Identified the +0 plate armour of the Bard {rPois Regen+
                  | Str+4 Slay+3}
  1320 | D:2      | Gained mutation: You are mostly covered in slimy green
                  | scales. (AC +3) [demonic ancestry]
  1320 | D:2      | Reached XP level 4. HP: 35/35 MP: 5/5
  1595 | D:3      | Noticed Natasha
  1601 | D:3      | XOM: noise
  1605 | D:3      | Killed Natasha
  1606 | D:3      | Reached skill level 1 in Spellcasting
  1878 | D:3      | XOM: divination: magic mapping
  1887 | D:3      | You fall into a shaft and drop 2 floors!
  1887 | D:5      | Entered Level 5 of the Dungeon
  1896 | D:5      | XOM: summons 1 hostile demon
  1914 | D:5      | Reached skill level 4 in Axes
  1914 | D:5      | Reached XP level 5. HP: 27/42 MP: 6/6
  2145 | D:5      | XOM: noise
  2173 | D:5      | XOM: divination: detect items
  2247 | D:5      | XOM: cast spell 'Olgreb's Toxic Radiance'
  2268 | D:5      | Gained mutation: You may rarely emit foul miasma when
                  | damaged in melee. [demonic ancestry]
  2268 | D:5      | Reached XP level 6. HP: 7/48 MP: 8/8
  2378 | D:5      | XOM: stat loss: -1 Dex (12/13)
  2438 | D:5      | XOM: cleaving
  2489 | D:5      | XOM: scenery: 1 doors open, 1 doors close
  2670 | D:5      | Reached skill level 1 in Stealth
  2856 | D:5      | Noticed a water moccasin
  2857 | D:5      | XOM: cleaving
  2879 | D:5      | XOM: smoke on damage
  2885 | D:5      | Reached skill level 5 in Axes
  2886 | D:5      | XOM: cast spell 'Leda's Liquefaction'
  2888 | D:5      | Killed a water moccasin
  2888 | D:5      | HP: 2/49 [poisoned by a water moccasin]
  2889 | D:5      | Gained mutation: You are partially covered in sharp spines.
                  | [demonic ancestry]
  2889 | D:5      | Reached XP level 7. HP: 2/55 MP: 10/10
  2889 | D:5      | Succumbed to a water moccasin's poison

Illustrated notes

Levels and vault maps discovered:
D:1:      eino_arrival_water_star, layout_loops_ring, serial_shops, shop_coins
D:2:      layout_loops_ring
D:3:      layout_basic, serial_shops, nicolae_shop_crystal, uniq_natasha,
          uniq_robin
D:5:      layout_loops_corners, mainiacjoe_overflow_boulevard,
          dreamdust_wishing_well, corexii_leaking_fountain, nicolae_tricolors,
          uniq_sigmund

Skill      XL: |  1  2  3  4  5  6 |
---------------+-------------------+-----
Armour         | 2 3 |  3.0
Axes           | 3 4 5 |  5.4
Dodging        | 1 |  1.6
Spellcasting   | 1 2 |  2.3
Fighting       | 4 |  4.5
Stealth        | 1 |  1.0

Action                     |  1- 3 |  4- 6 |  7- 9 || total
---------------------------+-------+-------+-------++-------
  Melee: Hand axe          |   122 |   146 |       ||   268
         Punch             |     2 |     1 |       ||     3
    Use: Scroll            |     1 |     1 |       ||     2
   Stab: Petrified         |     7 |       |       ||     7
 Armour: Leather armour    |    64 |   141 |       ||   205
  Dodge: Dodged            |    68 |    91 |       ||   159

Table legend: (Time is in decaauts)
 A = Elapsed time spent in this place.
 B = Non-inter-level travel time spent in this place.
 C = Inter-level travel time spent in this place.
 D = Time resting spent in this place.
 E = Time spent auto-exploring this place.
 F = Levels seen in this place.
 G = Mean time per level.
                   A        B        C        D        E       F      G
               +--------+--------+--------+--------+--------+-----+--------+
         Total |   2919 |   2831 |     88 |    195 |   1976 |   4 |  729.8 |
       Dungeon |   2919 |   2831 |     88 |    195 |   1976 |   4 |  729.8 |
               +--------+--------+--------+--------+--------+-----+--------+

Top non-repeatable levels by time:
     D:5: 1010 daAuts
     D:1: 843 daAuts
     D:2: 748 daAuts
     D:3: 316 daAuts
